 Dungeon Crawl Stone Soup version 0.28.0-53-g5a82cb258f (webtiles) character file.

Game seed: 12065875857972678005

455 Zeld the Conjurer (level 6, -13/32 HPs)
             Began as a Deep Elf Conjurer on May 24, 2022.
             Mangled by a wyvern zombie (14 damage)
             ... in an ossuary.
             The game lasted 00:05:10 (5601 turns).

Zeld the Conjurer (Deep Elf Conjurer)               Turns: 5601, Time: 00:05:12

Health: -13/32     AC:  3    Str:  4    XL:     6   Next: 76%
Magic:  2/17       EV: 12    Int: 25    God:
Gold:   236        SH:  0    Dex: 13    Spells: 7/18 levels left

rFire   . . .      SeeInvis .   a - +4 quarterstaff (chaos)
rCold   . . .      Faith    .   (shield currently unavailable)
rNeg    . . .      Spirit   .   h - +0 robe
rPois   .          Reflect  .   (no helmet)
rElec   .          Harm     .   l - +0 cloak
rCorr   .          Rampage  .   (no gloves)
Will    .....                   (no boots)
Stlth   ++........              (no amulet)
HPRegen 0.10/turn               (no ring)
MPRegen 0.15/turn               (no ring)

@: no status effects
A: no striking features
a: no special abilities


You were in an ossuary.
You visited 1 branch of the dungeon, and saw 4 of its levels.
You also visited: Ossuary.

You collected 236 gold pieces.

Inventory:

Hand Weapons
 a - a +4 quarterstaff of chaos (weapon)
Armour
 h - a +0 robe (worn)
 l - a +0 cloak (worn)
Wands
 o - a wand of flame (2)
 q - a wand of acid (2)
Scrolls
 c - a scroll of enchant weapon {unknown}
 g - a scroll of teleportation {unknown}
 j - a scroll of immolation {unknown}
 m - a scroll of identify {unknown}
 p - a scroll of brand weapon {unknown}
Potions
 b - a potion of mutation {unknown}
 d - a potion of lignification {unknown}
 e - a potion of might {unknown}
 f - a potion of haste {unknown}
 i - a potion of curing
 k - a potion of attraction {unknown}
 n - a potion of heal wounds {unknown}


   Skills:
 - Level 2.4 Dodging
 - Level 2.4 Stealth
 * Level 6.7 Spellcasting
 * Level 6.7 Conjurations
 - Level 2.0 Hexes
 - Level 2.0 Translocations


You had 7 spell levels left.
You knew the following spells:

 Your Spells              Type           Power      Damage    Failure   Level
a - Magic Dart            Conj           100%       1d8       1%          1
b - Searing Ray           Conj           84%        2d7       1%          2
c - Fulminant Prism       Conj/Hex       15%        3d11      12%         4
d - Iskenderun's Mystic   Conj/Tloc      30%        2d8       12%         4

Your spell library contained the following spells:

 Spells                   Type           Power      Damage    Failure   Level
 Dazzling Flash           Conj/Hex       60%        N/A       3%          3
 Summon Guardian Golem    Hex/Summ       13%        N/A       14%         3
 Orb of Destruction       Conj           21%        9d8       98%         7
 Spellforged Servitor     Conj/Summ      12%        N/A       100%        7


Dungeon Overview and Level Annotations

Branches:
Dungeon (4/15)            Ossuary (1/1)
 Temple: D:4-7

Altars:
Ashenzari
Dithmenos
Okawaru

Annotations:
D:4 Edmund


Message History

The bog mummy is severely damaged.
The searing ray hits the wyvern zombie!
The wyvern zombie is moderately damaged.
The searing ray hits the bog mummy!
You destroy the bog mummy!
You finish channelling your searing ray.
The wyvern zombie misses you.
Casting: Searing Ray (safe; 1% risk of failure)
Confirm with . or Enter, or press ? or * to list all spells.
Aiming: Searing Ray (safe; 1% risk of failure)
Press: ? - help, Shift-Dir - straight line, f - wyvern zombie
Aim: a wyvern zombie (moderately damaged, 94% to hit)
The searing ray hits the wyvern zombie.
The wyvern zombie is moderately damaged. (Press . to maintain the ray.)
The wyvern zombie barely misses you.
The searing ray hits the wyvern zombie.
The wyvern zombie is heavily damaged.
The wyvern zombie bites you!
The searing ray hits the wyvern zombie!
The wyvern zombie is severely damaged.
The wyvern zombie bites you!
* * * LOW HITPOINT WARNING * * *
The wyvern zombie bites you!
* * * LOW HITPOINT WARNING * * *
The searing ray hits the wyvern zombie.
The wyvern zombie is severely damaged.
You finish channelling your searing ray.
The wyvern zombie barely misses you.
Unknown command.
Casting: Searing Ray (safe; 1% risk of failure)
Confirm with . or Enter, or press ? or * to list all spells.
Aiming: Searing Ray (safe; 1% risk of failure)
Press: ? - help, Shift-Dir - straight line, f/p - wyvern zombie
Aim: a wyvern zombie (severely damaged, 94% to hit)
The searing ray hits the wyvern zombie!
The wyvern zombie is almost destroyed. (Press . to maintain the ray.)
The wyvern zombie bites you!
You die...

# #≈#
#####
#.≈.#...#
#≈Z@∩.#
+.#..∩# #
#####


You could see a wyvern zombie.

Vanquished Creatures
  A bullfrog (D:4)
  A scorpion (D:4)
  Crazy Yiuf (D:2)
  An orc wizard (D:3)
  Ijyb (D:3)
  Natasha (D:4)
  2 mummies
  3 gnolls (D:4)
  6 adders
  2 river rats (D:3)
  A worm (D:2)
  2 dart slugs (D:1)
  14 orcs
  5 ball pythons
  5 endoplasms
  3 giant cockroaches
  5 goblins
  5 hobgoblins
  A quokka (D:3)
  6 bats
  5 frilled lizards
  9 kobolds
  A kobold zombie (D:4)
  4 rats
85 creatures vanquished.

Vanquished Creatures (others)
  4 withered plants (Ossuary)
4 creatures vanquished.

Grand Total: 89 creatures vanquished

Notes
Turn   | Place    | Note
-------+----------+-------------------------------------------
     0 | D:1      | Zeld the Deep Elf Conjurer began the quest for the Orb.
     0 | D:1      | Reached XP level 1. HP: 10/10 MP: 6/6
   387 | D:1      | Reached XP level 2. HP: 15/15 MP: 6/8
   510 | D:1      | Learned a level 2 spell: Searing Ray
  1021 | D:2      | Found a shadowy altar of Dithmenos.
  1032 | D:2      | Reached skill level 1 in Hexes
  1228 | D:2      | Reached skill level 1 in Translocations
  1228 | D:2      | Reached XP level 3. HP: 13/19 MP: 5/10
  1473 | D:2      | Found a faded altar of an unknown god.
  2139 | D:2      | Found a runed translucent door.
  2140 | D:2      | Noticed Crazy Yiuf
  2258 | D:2      | Reached skill level 5 in Conjurations
  2499 | D:2      | Reached XP level 4. HP: 24/24 MP: 4/12
  2515 | D:2      | Learned a level 4 spell: Fulminant Prism
  2525 | D:2      | Learned a level 4 spell: Iskenderun's Mystic Blast
  3158 | D:2      | Killed Crazy Yiuf
  3340 | D:2      | Found a faded altar of an unknown god.
  3397 | D:2      | Found a shadowy altar of Dithmenos.
  4008 | D:3      | Noticed Ijyb
  4274 | D:3      | Reached XP level 5. HP: 28/28 MP: 12/14
  4378 | D:3      | Reached skill level 5 in Spellcasting
  4401 | D:3      | Found a broken altar of Ashenzari.
  4437 | D:3      | Found an iron altar of Okawaru.
  4604 | D:3      | Killed Ijyb
  5086 | D:4      | Noticed Edmund
  5113 | D:4      | Noticed Natasha
  5118 | D:4      | Killed Natasha
  5119 | D:4      | Reached XP level 6. HP: 32/32 MP: 6/16
  5579 | D:4      | Found a sand-covered staircase.
  5591 | Ossuary  | Entered an ossuary
  5599 | Ossuary  | HP: 1/32 [wyvern zombie (8)]
  5601 | Ossuary  | Mangled by a wyvern zombie

Illustrated notes

Levels and vault maps discovered:
D:1:      sevenhm_arrival_forest_fort_small_4, layout_basic
D:2:      layout_basic, chequers_ecumenical_altar_twisty, basic_altar,
          uniq_crazy_yiuf_cottage
D:3:      layout_basic, mainiacjoe_overflow_surrounded_room,
          general_overflow_altar, portal_sewer_entry_b,
          minmay_misc_feat_secret_circle, uniq_ijyb
D:4:      layout_cave_pods, nemelex_spade_bored_becter,
          nicolae_ossuary_entry_giza, uniq_edmund, uniq_robin, uniq_natasha
Ossuary:  ossuary_zaba_flooded

Skill      XL: |  1  2  3  4  5  6 |
---------------+-------------------+-----
Hexes          | 1 2 |  2.0
Translocations | 1 2 |  2.0
Spellcasting   | 4 5 6 |  6.7
Conjurations   | 5 6 |  6.7
Dodging        | |  2.4
Stealth        | |  2.4

Action                   |  1- 3 |  4- 6 || total
-------------------------+-------+-------++-------
Melee: Unarmed           |     2 |     3 ||     5
       Quarterstaff      |       |     7 ||     7
       Punch             |       |     1 ||     1
 Cast: Magic Dart        |    14 |    21 ||    35
       Searing Ray       |    27 |    32 ||    59
  Use: Potion            |       |     1 ||     1
Armor: Robe              |     5 |     6 ||    11
Dodge: Dodged            |    12 |    36 ||    48
